 Dungeon Sprint DCSS version 0.19.1 (webtiles) character file.

0 Groucho the Covered (level 1, -1/20 HPs)
             Began as a Deep Dwarf Fighter on Dec 3, 2016.
             Slain by Terence
             ... wielding a +0 morningstar
              (3 damage)
             ... in the Dungeon (Sprint VI: "Thunderdome").
             The game lasted 00:00:23 (44 turns).

Groucho the Covered (Deep Dwarf Fighter)              Turns: 44, Time: 00:00:24

Health: -1/20      AC:  6    Str: 19    XL:     1   Next: 16%
Magic:  1/1        EV:  7    Int:  8    God:
Gold:   200        SH:  9    Dex: 12    Spells: 0 memorised, 0 levels left

rFire  . . .     SeeInvis .     a - +0 war axe
rCold  . . .     Gourm    .     b - +0 scale mail
rNeg   . . .     Faith    .     c - +0 shield
rPois  .         Spirit   .     (no helmet)
rElec  .         Reflect  .     (no cloak)
rCorr  .         Harm     .     (no gloves)
MR     .....     NoTele   +     (no boots)
Stlth  ..........               (no amulet)
                                (no ring)
                                (no ring)

@: non-regenerating
A: damage resistance, recharge devices, sense surroundings 1, slow regeneration
3
a: Device Recharging


You were in the Dungeon.
You were not hungry.

You visited 1 branch You collected 200 gold pieces.

Inventory:

Hand Weapons
 a - a +0 war axe (weapon)
Armour
 b - a +0 scale mail (worn)
 c - a +0 shield (worn)
Wands
 e - a wand of heal wounds (5/9)
 m - a wand of acid (5/15)
 n - a wand of iceblast (5/15)
Scrolls
 l - 4 scrolls of blinking
 o - 3 scrolls of fog
Potions
 d - a potion of might
 g - a potion of curing
 h - 4 potions of heal wounds
 i - 4 potions of haste
 j - 2 potions of magic
 k - a potion of berserk rage
 p - a potion of resistance
Comestibles
 f - a bread ration


   Skills:
 + Level 2.9 Fighting
 + Level 2.2 Axes
 + Level 3.5 Armour
 + Level 3.5 Shields


You couldn't memorise any spells.
You didn't know any spells.

Dungeon Overview and Level Annotations

Branches:
Dungeon (1/1)

Altars:
Cheibriados
Okawaru
Qazlal
Ru
Trog
Xom
Yredelemnul
Jiyva
Lugonu

Shops:
D *[%??:(

Annotations:
D Terence


Innate Abilities, Weirdness & Mutations

You are resistant to damage.
You can recharge devices by infusing magical energy.
You passively map a small area around you.
You do not regenerate.


Message History

You block the bat's attack. The jackal skeleton closely misses you.
Terence hits you with a morningstar.
The jackal skeleton bites you but does no damage.
You block the bat's attack.
Okay, then.
You slash the jackal skeleton!
You destroy the jackal skeleton!
You closely miss Terence. You closely miss the bat. The bat barely misses you.
Terence bares his teeth.
You block Terence's attack.
Unknown command.
Unknown command.
You hit Terence.
Terence is lightly wounded. 50...
The bat hits you but does no damage. Terence hits you with a morningstar!
Ouch! That really hurt!
* * * LOW HITPOINT WARNING * * *
Terence hits you with a morningstar.
You die...

#.....# ##.....##
##∩.....∩## #∩.......∩#
#_......._# #_......._#
#........_#
###..b......###
#⌠..@........⌠#
######.8@........8.###
#∩_._......###......_._
#∩........8.# #.8........
............###..........
.........###...###.......
.........# #.<.# *.......
........s#*#...# *.......
, ............###..
......,


You could see Terence, a giant cockroach (wandering) and a bat.

Vanquished Creatures
  A bat (D)
  A jackal skeleton (D)
2 creatures vanquished.

Notes
Turn   | Place    | Note
-------+----------+-------------------------------------------
     0 | D        | Groucho the Deep Dwarf Fighter began the quest for the Orb.
     0 | D        | Reached XP level 1. HP: 20/20 MP: 1/1
     1 | D        | Found a basalt altar of Yredelemnul.
     1 | D        | Found a snail-covered altar of Cheibriados.
     2 | D        | Found a sacrificial altar of Ru.
     3 | D        | Found a corrupted altar of Lugonu.
     3 | D        | Found an iron altar of Okawaru.
     4 | D        | Found a shimmering altar of Xom.
     4 | D        | Found Ibubas's Staff Store.
     4 | D        | Found Mymuahul's Magic Scroll Shop.
     5 | D        | Found a bloodstained altar of Trog.
     5 | D        | Found Fajaurph's Must-Have Magic.
     5 | D        | Found Bocuek's Magic Scroll Shop.
     5 | D        | Round 1.
    21 | D        | Found a stormy altar of Qazlal.
    26 | D        | Found a viscous altar of Jiyva.
    26 | D        | Found Ukkaat's Bee Food.
    27 | D        | Found Zaits's Jewellery.
    27 | D        | Found Ytayl's Advanced Armour.
    30 | D        | Noticed Terence
    44 | D        | Slain by Terence

Action                   || total
-------------------------++-------
Melee: War axe           ||    11
Armor: Scale mail        ||    19
Dodge: Dodged            ||    11
Block: Shield            ||    12
